 Dungeon Crawl Stone Soup version 0.20-a0-540-ge6d1839 (webtiles) character file.

28 KristoblXynda the Magician (level 3, -1/26 HPs)
             Began as a Minotaur Wizard on Jan 30, 2017.
             Slain by a goblin
             ... wielding a +0 club
              (5 damage)
             ... on level 1 of the Dungeon.
             The game lasted 00:01:28 (457 turns).

KristoblXynda the Magician (Minotaur Wizard)         Turns: 457, Time: 00:01:29

Health: -1/26      AC:  2    Str: 11    XL:     3   Next: 0%
Magic:  3/6        EV: 12    Int: 16    God:
Gold:   25         SH:  0    Dex:  8    Spells: 6/7 levels left

rFire    . . .     SeeInvis .   h - +0 dagger
rCold    . . .     Gourm    .   a - +0 robe
rNeg     . . .     Faith    .   (no shield)
rPois    .         Spirit   .   b - +0 hat
rElec    .         Reflect  .   (no cloak)
rCorr    .         Harm     .   (no gloves)
MR       .....                  (no boots)
Stlth    +.........             (no amulet)
Regen    0.1/turn               (no ring)
                                (no ring)

@: no status effects
A: retaliatory headbutt, horns 2
a: no special abilities


You were on level 1 of the Dungeon.
You were not hungry.

You visited 1 branch of the dungeon, and saw 1 of its levels.

You collected 25 gold pieces.

Inventory:

Hand Weapons
 h - a +0 dagger (weapon)
Armour
 a - a +0 robe (worn)
 b - a +0 hat (worn)
 i - a +0 shield
Scrolls
 f - a scroll of teleportation {unknown}
 g - a scroll of remove curse {unknown}
Books
 c - a book of Minor Magic

   Spells                             Type                      Level
   a - Magic Dart                     Conjuration                  1
   b - Blink                          Translocation                2
   c - Call Imp                       Summoning                    2
   d - Repel Missiles                 Charms/Air                   2
   e - Slow                           Hexes                        2
   f - Conjure Flame                  Conjuration/Fire             3
   g - Mephitic Cloud                 Conjuration/Poison/Air       3
Comestibles
 d - 2 bread rations


   Skills:
 + Level 0.5 Armour
 - Level 2.1 Dodging
 - Level 1.5 Stealth
 + Level 2.6 Spellcasting
 + Level 1.2 Conjurations
   Level 0.6 Summonings
   Level 0.6 Translocations


You had 6 spell levels left.
You knew the following spells:

 Your Spells              Type           Power        Failure   Level  Hunger
a - Magic Dart            Conj           #...         14%         1    #......


Dungeon Overview and Level Annotations

Branches:
Dungeon (1/15)

Altars:


Innate Abilities, Weirdness & Mutations

You reflexively headbutt those who attack you in melee.
You have a pair of horns on your head.


Message History

Casting: Magic Dart
Confirm with . or Enter, or press ? or * to list all spells.
Aiming: Magic Dart
Press: ? - help, Shift-Dir - straight line, f - ooze
Aim: an ooze (almost dead)
The magic dart hits the ooze.
You kill the ooze!
You have reached level 3!
Your experience leads to an increase in your attributes!
Increase (S)trength, (I)ntelligence, or (D)exterity?
You feel clever.
Casting: Magic Dart
Confirm with . or Enter, or press ? or * to list all spells.
Aiming: Magic Dart
Press: ? - help, Shift-Dir - straight line, f - goblin
Aim: a goblin, wielding a club The magic dart hits the goblin.
The goblin is heavily wounded.
The goblin hits you with a club.
You die...

############# #####
............ ...[. ...........
.. ..... ....... ...#.#.####
####### #....#####'#.#..... #.
...#.. +....'.............
#.####.#.####....#........#####
...........)..@g...............
# #....#.#######.#.............
#.#.#..#.# #.#.............
#........# #.#.[.#....)....
.###....#########.#.#
#.........
................#.#.#
#.........
###############.#.#.#
#.#.###.## #.#.#.# #.#....).#
#.#.#.#+#.#.###..#


You could see a goblin.

Vanquished Creatures
  2 oozes (D:1)
  5 goblins (D:1)
  6 hobgoblins (D:1)
  2 jackals (D:1)
  3 frilled lizards (D:1)
  A rat (D:1)
19 creatures vanquished.

Notes
Turn   | Place    | Note
-------+----------+-------------------------------------------
     0 | D:1      | KristoblXynda the Minotaur Wizard began the quest for the Orb.
     0 | D:1      | Reached XP level 1. HP: 14/14 MP: 2/2
    67 | D:1      | Reached skill level 1 in Conjurations
   172 | D:1      | Reached XP level 2. HP: 20/20 MP: 2/4
   456 | D:1      | Reached XP level 3. HP: 4/26 MP: 4/6
   457 | D:1      | Slain by a goblin

Vault maps used:
D:1:      sevenhm_arrival_forest_fort_large_4

Skill      XL: |  1 |
---------------+----+-----
Conjurations   | 1 |  1.2
Armour         | |  0.5
Dodging        | |  2.1
Stealth        | |  1.5
Spellcasting   | |  2.6
Summonings     | |  0.6
Translocations | |  0.6

Action                   || total
-------------------------++-------
Melee: Unarmed           ||    12
       Headbutt          ||     5
       Club              ||    25
       Dagger            ||    10
 Cast: Magic Dart        ||    11
 Stab: Sleeping          ||     2
Armor: Robe              ||     7
Dodge: Dodged            ||    21
